 Dungeon Crawl Stone Soup version 0.26-a0-649-gf8c6c3aab7 (webtiles) character file.

Game seed: 7101020987915817622

825 smeego the Slasher (level 7, -3/48 HPs)
             Began as an Octopode Fighter on Sept 27, 2020.
             Was a Follower of Dithmenos.
             Slain by a phantom (9 damage)
             ... on level 4 of the Dungeon.
             The game lasted 00:06:31 (4939 turns).

smeego the Slasher (Octopode Fighter)               Turns: 4939, Time: 00:06:31

Health: -3/48      AC:  1    Str: 17    XL:     7   Next: 96%
Magic:  8/8        EV: 12    Int: 11    God:    Dithmenos [*.....]
Gold:   206        SH: 10    Dex: 11    Spells: 6/6 levels left

rFire    . . .     SeeInvis .   a - +0 long sword
rCold    . . .     Faith    .   b - +1 kite shield
rNeg     . . .     Spirit   .   (helmet restricted)
rPois    .         Reflect  .   (no amulet)
rElec    .         Harm     .   m - ring of stealth
rCorr    .         Rampage  .   o - ring of flight
MR       .....                  (no ring)
Stlth    +++++.....             (no ring)
HPRegen  0.16/turn              (no ring)
MPRegen  0.11/turn              (no ring)
                                (no ring)
                                (no ring)

@: wreathed by umbra, invisible
A: almost no armour, stealthy swim, amphibious, 8 rings, constrict 8, camouflage
1, gelatinous body 1
a: Renounce Religion, Evoke Flight


You were on level 4 of the Dungeon.
You worshipped Dithmenos.
Dithmenos was aware of your devotion.
You visited 1 branch of the dungeon, and saw 4 of its levels.

You collected 206 gold pieces.

Inventory:

Hand Weapons
 a - a +0 long sword (weapon)
Missiles
 p - 11 boomerangs (quivered)
Armour
 b - a +1 kite shield (worn)
Jewellery
 m - a ring of stealth (left tentacle)
 o - a ring of flight (right tentacle)
Wands
 j - a wand of flame (14)
Scrolls
 f - a scroll of remove curse
 h - 4 scrolls of teleportation
 l - a scroll of noise {unknown}
Potions
 c - 2 potions of might
 d - 3 potions of curing
 e - a potion of haste
 g - a potion of flight {unknown}
 i - a potion of stabbing {unknown}
 n - a potion of ambrosia {unknown}
 q - a potion of brilliance {unknown}
 r - a potion of invisibility
 t - a potion of heal wounds {unknown}


   Skills:
 + Level 4.1 Fighting
 * Level 4.3 Long Blades
 + Level 2.3 Throwing
 + Level 3.9 Dodging
 + Level 3.7 Stealth
 + Level 4.1 Shields
 + Level 2.4 Unarmed Combat
 + Level 2.4 Invocations
 + Level 2.3 Evocations


You had 6 spell levels left.
You didn't know any spells.
Your spell library was empty.

Dungeon Overview and Level Annotations

Branches:
Dungeon (4/15)
 Temple: D:4-7

Altars:
Dithmenos


Innate Abilities, Weirdness & Mutations

You cannot wear most types of armour.
You are very stealthy in the water. (Stealth+)
You are amphibious.
You can wear up to eight rings at the same time.
You can use your tentacles to constrict eight enemies at once.
Your skin changes colour to match your surroundings (Stealth+).
Your rubbery body absorbs attacks. (AC +1, EV +1)


Message History

Press: ? - help, Shift-Dir - straight line, f/p - phantom
Aim: a phantom You throw a boomerang.
The boomerang closely misses the phantom.
You slash the phantom!
The phantom is moderately damaged.
You block the phantom's attack.
You hit the phantom. Your squeeze misses the phantom.
The phantom is heavily damaged.
The phantom hits you.
You slash the phantom!
The phantom is severely damaged.
The phantom hits you!
* * * LOW HITPOINT WARNING * * *
The phantom hits you.
* * * LOW HITPOINT WARNING * * *
It was a potion of invisibility.
You fade into invisibility!
The phantom hits you!
You die...

##### #...........
....# #...........
#.#.# #...........
#.#.###...........
#.#...'...........
#.#..##...........
#..W...........
#W#.o#######...
#@#..... ...
#.#..#### ..
#.#..# #.#...
#...... #......
#.# #..


You could see a phantom.

Vanquished Creatures
  Menkaure (D:4)
  Duvessa (D:4)
  2 ogres (D:4)
  A bullfrog (D:3)
  Dowan (D:4)
  A scorpion (D:4)
  2 orc wizards
  Jessica (D:2)
  Ijyb (D:4)
  Terence (D:2)
  Robin (D:4)
  4 adders
  2 oozes
  3 dart slugs
  4 leopard geckos
  7 orcs
  A ball python (D:3)
  3 giant cockroaches
  12 goblins
  6 hobgoblins
  3 jackals (D:1)
  9 kobolds
  5 bats
  5 frilled lizards
  7 rats
84 creatures vanquished.

Notes
Turn   | Place    | Note
-------+----------+-------------------------------------------
     0 | D:1      | smeego the Octopode Fighter began the quest for the Orb.
     0 | D:1      | Reached XP level 1. HP: 16/16 MP: 1/1
   228 | D:1      | Reached XP level 2. HP: 21/21 MP: 2/2
   401 | D:1      | Reached skill level 1 in Stealth
   572 | D:1      | Reached XP level 3. HP: 12/26 MP: 3/3
  1443 | D:2      | Noticed Jessica
  1448 | D:2      | Killed Jessica
  1448 | D:2      | Reached XP level 4. HP: 28/31 MP: 4/4
  1648 | D:2      | Noticed Terence
  1654 | D:2      | Killed Terence
  1654 | D:2      | Reached skill level 1 in Throwing
  1654 | D:2      | Reached skill level 1 in Unarmed Combat
  1748 | D:2      | Found a shadowy altar of Dithmenos.
  1758 | D:2      | Became a worshipper of Dithmenos the Shadowed
  2465 | D:3      | Reached XP level 5. HP: 36/36 MP: 5/5
  2990 | D:4      | Noticed Robin
  3141 | D:4      | Reached XP level 6. HP: 42/42 MP: 6/6
  3163 | D:4      | Killed Robin
  3163 | D:4      | Reached skill level 1 in Invocations
  3163 | D:4      | Reached skill level 1 in Evocations
  3191 | D:4      | Reached * piety under Dithmenos
  4013 | D:4      | Reached XP level 7. HP: 47/47 MP: 8/8
  4287 | D:4      | Noticed Duvessa
  4288 | D:4      | Noticed Dowan
  4681 | D:4      | Killed Duvessa
  4686 | D:4      | Killed Dowan
  4915 | D:4      | Noticed Menkaure
  4917 | D:4      | Noticed Ijyb
  4924 | D:4      | Killed Menkaure
  4930 | D:4      | Killed Ijyb
  4939 | D:4      | Slain by a phantom

Illustrated notes

Levels and vault maps discovered:
D:1:      sevenhm_arrival_forest_fort_small_6, layout_basic, minivault_27,
          minmay_hedge_maze, nrook_mini_vaults
D:2:      layout_basic, overflow_temple_1_default, uniq_jessica, uniq_terence
D:3:      layout_basic, kennysheep_path_1
D:4:      cheibrodos_helix_gallery, layout_basic, uniq_robin, uniq_duvessa,
          uniq_ijyb, uniq_menkaure

Skill      XL: |  1  2  3  4  5  6  7 |
---------------+----------------------+-----
Stealth        | 1 2 3 |  3.7
Throwing       | 1 2 |  2.3
Unarmed Combat | 1 2 |  2.4
Long Blades    | 3 4 |  4.3
Invocations    | 1 2 |  2.4
Evocations     | 1 2 |  2.3
Shields        | 4 |  4.1
Fighting       | 4 |  4.1
Dodging        | |  3.9

Action                   |  1- 3 |  4- 6 |  7- 9 || total
-------------------------+-------+-------+-------++-------
Melee: Long sword        |    54 |    79 |    39 ||   172
       Constrict         |    17 |    21 |    14 ||    52
       Tentacles         |    11 |    15 |    12 ||    38
       Punch             |       |     1 |     1 ||     2
       Dagger            |       |       |     5 ||     5
Throw: Boomerang         |       |       |     2 ||     2
Evoke: Wand              |       |       |     1 ||     1
  Use: Scroll            |       |     3 |     3 ||     6
       Potion            |       |       |     1 ||     1
 Stab: Sleeping          |     4 |    18 |     3 ||    25
Armor: Skin              |     9 |     2 |       ||    11
Dodge: Dodged            |    22 |    29 |    16 ||    67
Block: Kite shield       |    22 |    20 |    22 ||    64
       Rpst.: Long sword |     4 |     4 |     3 ||    11

Table legend: (Time is in decaauts)
 A = Elapsed time spent in this place.
 B = Non-inter-level travel time spent in this place.
 C = Inter-level travel time spent in this place.
 D = Time resting spent in this place.
 E = Time spent auto-exploring this place.
 F = Levels seen in this place.
 G = Mean time per level.
                   A        B        C        D        E       F      G
               +--------+--------+--------+--------+--------+-----+--------+
         Total |   4993 |   4892 |    101 |   1426 |   2857 |   4 | 1248.2 |
       Dungeon |   4993 |   4892 |    101 |   1426 |   2857 |   4 | 1248.2 |
               +--------+--------+--------+--------+--------+-----+--------+

Top non-repeatable levels by time:
     D:4: 1847 daAuts
     D:1: 1377 daAuts
     D:2: 979 daAuts
     D:3: 789 daAuts
